 Dungeon Crawl Stone Soup version 0.30-a0-989-g0d87f670db (webtiles) character file.

Game seed: 9997246773664841366

219 jtron the Chiller (level 5, -7/55 (57) HPs)
             Began as a Demonspawn Wanderer on Apr 3, 2023.
             Mangled by Crazy Yiuf
             ... wielding a +3 quarterstaff of chaos
              (13 damage)
             ... on level 3 of the Dungeon.
             The game lasted 00:10:05 (2717 turns).

jtron the Chiller (Demonspawn Wanderer)             Turns: 2717, Time: 00:10:05

HP:   -7/55 (57)    AC: 10    Str: 12    XL:     5   Next: 63%
MP:   3/10          EV: 11    Int: 15    God:
Gold: 155           SH:  0    Dex: 13    Spells: 4/11 levels left

rFire   . . .      SeeInvis .    a - +0 dagger (venom)
rCold   . . .      Faith    .    (no shield)
rNeg    . . .      Spirit   .    q - +0 leather armour
rPois   .          Reflect  .    (no helmet)
rElec   .          Rampage  .    (no cloak)
rCorr   .                        (no gloves)
Will    .....                    l - +0 pair of boots Stlth
                                 (no amulet)
HPRegen 0.29/turn                (no ring)
MPRegen 0.12/turn                (no ring)

@: berserking, ice-armoured, very slightly contaminated, lightly drained, very
quick
A: icy blue scales 1, demonic touch 1
a: no special abilities


You were on level 3 of the Dungeon.
You visited 1 branch of the dungeon, and saw 3 of its levels.

You collected 155 gold pieces.

Inventory:

Hand Weapons
 a - a +0 dagger of venom (weapon)
Missiles
 p - 10 stones
 s - 4 boomerangs
Armour
 l - a +0 pair of boots (worn)
 q - a +0 leather armour (worn)
Magical Staves
 o - a staff of poison
Jewellery
 m - a ring of fire
Scrolls
 c - 2 scrolls of fear
 g - a scroll of teleportation
Potions
 b - a potion of haste {unknown}
 e - a potion of attraction {unknown}
 f - 2 potions of curing
 h - a potion of brilliance
 r - 2 potions of ambrosia


   Skills:
 + Level 2.1 Fighting
 + Level 1.7 Short Blades
 + Level 1.9 Armour
 + Level 0.5 Dodging
 + Level 0.2 Stealth
 + Level 3.9 Spellcasting
 * Level 0.7 Conjurations
 + Level 4.4 Ice Magic
 + Level 1.0 Evocations


You had 4 spell levels left.
You knew the following spells:

 Your Spells              Type           Power      Damage    Failure   Level
a - Freeze                Ice            64%        1d7       3%          1
b - Ozocubu's Armour      Ice            16%        N/A       11%         3
c - Hailstorm             Conj/Ice       10%        3d5       24%         3

Your spell library contained the following spells:

 Spells                   Type           Power      Damage    Failure   Level
 Frozen Ramparts          Ice            32%        1d5       11%         3
 Iskenderun's Battlesphe  Conj           5%         2d6       99%         5
 Iron Shot                Conj/Erth      2%         9d2       100%        6
 Spellforged Servitor     Conj/Summ      2%         N/A       100%        7


Dungeon Overview and Level Annotations

Branches:
Dungeon (3/15)

Altars:
Qazlal

Annotations:
D:3 Crazy Yiuf


Innate Abilities, Weirdness & Mutations

You are partially covered in icy blue scales. (AC +2)
Your touch may inflict minor irresistible damage on your foes.


Message History

a +0 short sword; a kobold corpse
c - 2 scrolls of fear (gained 1) Crazy Yiuf shouts!
You open the door.
Casting: Freeze (safe; 3% risk of failure)
Confirm with . or Enter, or press ? or * to list all spells.
You miscast Ozocubu's Armour.
You are very lightly contaminated with residual magic.
Nothing appears to happen.
Crazy Yiuf cries, "Gum sing-song chair!"
Crazy Yiuf hits you with a +3 quarterstaff of chaos!
Crazy Yiuf burns you.
Casting: Ozocubu's Armour (dangerous; 11% risk of failure)
Confirm with . or Enter, or press ? or * to list all spells.
A film of ice covers your body! Crazy Yiuf barely misses you.
Casting: Ozocubu's Armour (dangerous; 11% risk of failure)
Confirm with . or Enter, or press ? or * to list all spells.
Aiming: Freeze (safe; 3% risk of failure)
Press: ? - help, Shift-Dir - straight line, f - Crazy Yiuf
Aim: Crazy Yiuf, wielding a +3 quarterstaff of chaos and wearing a +2 cloak You freeze Crazy Yiuf.
Crazy Yiuf is moderately wounded.
Crazy Yiuf hits you with a +3 quarterstaff of chaos!
You hit Crazy Yiuf but do no damage.
Crazy Yiuf is poisoned.
You touch Crazy Yiuf.
Crazy Yiuf is heavily wounded.
Crazy Yiuf hits you with a +3 quarterstaff of chaos!
* * * LOW HITPOINT WARNING * * *
You barely miss Crazy Yiuf.
Crazy Yiuf is heavily wounded.
Crazy Yiuf hits you with a +3 quarterstaff of chaos.
* * * LOW HITPOINT WARNING * * *
You feel drained.
* * * LOW HITPOINT WARNING * * *
A red film seems to cover your vision as you go berserk!
You feel yourself moving faster!
You feel mighty!
Crazy Yiuf hits you with a +3 quarterstaff of chaos.
* * * LOW HITPOINT WARNING * * *
You are electrocuted!
You die...

#### #####
...####
#..)#
......#
#...#
#.....# ...
#.....######
#g#
#.....##...#
♣♣@♣
......##...#
♣.♣♣
..#.####...#
♣♣.♣ ....##
#...# ♣.♣♣
<....###...#
♣♣.♣♣
..##.......#
♣...♣♣
......#....#
♣....♣
...##.#....#
#....#
..###...####
#....#


You could see Crazy Yiuf (very poisoned).

Vanquished Creatures
  3 orc wizards (D:3)
  A scorpion zombie (D:3)
  2 hound skeletons (D:3)
  3 adders
  An adder zombie (D:3)
  An adder skeleton (D:3)
  3 dart slugs
  3 orcs (D:3)
  2 ball pythons (D:1)
  4 endoplasms
  3 giant cockroaches
  5 goblins
  3 hobgoblins (D:1)
  2 jackals (D:1)
  8 kobolds
  5 quokkas
  7 bats
  7 frilled lizards
  3 quokka skeletons (D:3)
  A quokka zombie (D:3)
  8 rats
75 creatures vanquished.

Vanquished Creatures (others)
  3 plants (D:2)
  2 withered plants (D:3)
5 creatures vanquished.

Grand Total: 80 creatures vanquished

Notes
Turn   | Place    | Note
-------+----------+-------------------------------------------
     0 | D:1      | jtron the Demonspawn Wanderer began the quest for the Orb.
     0 | D:1      | jtron set off with the following items: a +0 short sword, a
                  | +0 ring mail, a scroll of fear; and the following spell
                  | memorised: Freeze; and the following spells available to
                  | memorise: Frozen Ramparts, Ozocubu's Armour.
     0 | D:1      | Reached XP level 1. HP: 13/13 MP: 4/4
   167 | D:1      | Reached skill level 4 in Ice Magic
   167 | D:1      | Gained mutation: Your touch may inflict minor irresistible
                  | damage on your foes. [demonic ancestry]
   167 | D:1      | Reached XP level 2. HP: 19/19 MP: 3/6
   751 | D:1      | Reached XP level 3. HP: 23/25 MP: 3/7
  1064 | D:2      | Reached skill level 1 in Fighting
  1138 | D:2      | Learned a level 3 spell: Ozocubu's Armour
  1279 | D:2      | Found a stormy altar of Qazlal.
  1353 | D:2      | Found a faded altar of an unknown god.
  2011 | D:3      | Gained mutation: You are partially covered in icy blue
                  | scales. (AC +2) [demonic ancestry]
  2011 | D:3      | Reached XP level 4. HP: 32/32 MP: 9/9
  2067 | D:3      | Reached XP level 5. HP: 8/38 MP: 10/10
  2231 | D:2      | Learned a level 3 spell: Hailstorm
  2351 | D:3      | Found a runed translucent door.
  2352 | D:3      | Noticed Crazy Yiuf
  2717 | D:3      | Mangled by Crazy Yiuf

Illustrated notes

Levels and vault maps discovered:
D:1:      minmay_arrival_semitransparent, layout_loops_ring
D:2:      layout_basic, serial_forest, infiniplex_forest_3_way,
          infiniplex_forest_lined_corner, infiniplex_forest_lined_3,
          infiniplex_forest_lined_room_, infiniplex_forest_end_3,
          infiniplex_forest_clump_cross, infiniplex_forest_lined_4_way,
          infiniplex_forest_straight_4, basic_altar,
          chequers_ecumenical_altar_simple
D:3:      layout_rooms, serial_undead, serial_undead_b, serial_undead_f,
          serial_undead_d, serial_undead_a, serial_undead_a, serial_undead_e,
          supply_closet_lemuel, uniq_crazy_yiuf_cottage

Skill      XL: |  1  2  3  4 |
---------------+-------------+-----
Ice Magic      | 4 |  4.4
Fighting       | 1 2 |  2.1
Short Blades   | |  1.7
Armour         | |  1.9
Dodging        | |  0.5
Stealth        | |  0.2
Spellcasting   | |  3.9
Conjurations   | |  0.7
Evocations     | |  1.0

Action                     |  1- 3 |  4- 6 || total
---------------------------+-------+-------++-------
  Melee: Short sword       |    40 |       ||    40
         Touch             |     9 |    18 ||    27
         Dagger            |    13 |    74 ||    87
  Throw: Stone             |     6 |       ||     6
   Cast: Freeze            |    50 |    18 ||    68
         Ozocubu's Armour  |       |     2 ||     2
    Use: Potion            |       |     4 ||     4
         Scroll            |       |     6 ||     6
 Armour: Ring mail         |    21 |    46 ||    67
         Leather armour    |       |    15 ||    15
  Dodge: Dodged            |    44 |    42 ||    86

Table legend: (Time is in decaauts)
 A = Elapsed time spent in this place.
 B = Non-inter-level travel time spent in this place.
 C = Inter-level travel time spent in this place.
 D = Time resting spent in this place.
 E = Time spent auto-exploring this place.
 F = Levels seen in this place.
 G = Mean time per level.
                   A        B        C        D        E       F      G
               +--------+--------+--------+--------+--------+-----+--------+
         Total |   2712 |   2503 |    209 |    125 |   1760 |   3 |  904.0 |
       Dungeon |   2712 |   2503 |    209 |    125 |   1760 |   3 |  904.0 |
               +--------+--------+--------+--------+--------+-----+--------+

Top non-repeatable levels by time:
     D:2: 1117 daAuts
     D:1: 1035 daAuts
     D:3: 559 daAuts
